 Dungeon Crawl Stone Soup version 0.28.0-53-g5a82cb258f (webtiles) character file.

Game seed: 16539595643081658332

4 Sin92 the Magician (level 1, -2/13 HPs)
             Began as a Demonspawn Hedge Wizard on July 9, 2022.
             Slain by a hobgoblin (5 damage)
             ... on level 1 of the Dungeon.
             The game lasted 00:00:28 (184 turns).

Sin92 the Magician (Demonspawn Hedge Wizard)         Turns: 184, Time: 00:00:28

Health: -2/13      AC:  2    Str: 10    XL:     1   Next: 50%
Magic:  4/4        EV: 12    Int: 15    God:
Gold:   6          SH:  0    Dex: 12    Spells: 5/6 levels left

rFire   . . .      SeeInvis .   a - +0 dagger
rCold   . . .      Faith    .   (no shield)
rNeg    . . .      Spirit   .   b - +0 robe
rPois   .          Reflect  .   c - +0 hat
rElec   .          Harm     .   (no cloak)
rCorr   .          Rampage  .   (no gloves)
Will    .....                   (no boots)
Stlth   ++........              (no amulet)
HPRegen 0.04/turn               (no ring)
MPRegen 0.09/turn               (no ring)

@: no status effects
A: no striking features
a: no special abilities


You were on level 1 of the Dungeon.
You visited 1 branch of the dungeon, and saw 1 of its levels.

You collected 6 gold pieces.

Inventory:

Hand Weapons
 a - a +0 dagger (weapon)
Armour
 b - a +0 robe (worn)
 c - a +0 hat (worn)


   Skills:
 + Level 0.2 Fighting
 + Level 0.2 Armour
 - Level 1.7 Dodging
 - Level 1.7 Stealth
 + Level 3.0 Spellcasting
 + Level 1.1 Conjurations
 - Level 1.0 Summonings
 + Level 1.0 Translocations


You had 5 spell levels left.
You knew the following spells:

 Your Spells              Type           Power      Damage    Failure   Level
a - Magic Dart            Conj           20%        1d4       13%         1

Your spell library contained the following spells:

 Spells                   Type           Power      Damage    Failure   Level
 Slow                     Hex            8%         N/A       21%         1
 Blink                    Tloc           10%        N/A       21%         2
 Call Imp                 Summ           5%         N/A       21%         2
 Conjure Flame            Conj/Fire      3%         6-21      43%         3
 Mephitic Cloud           Conj/Pois/Air  3%         N/A       45%         3


Dungeon Overview and Level Annotations

Branches:
Dungeon (1/15)

Altars:


Message History

Your Translocations skill increases to level 1!
No target in view!
No target in view!
Found a mace.
A hobgoblin comes into view.
A quokka comes into view.
Found 11 gold pieces.
You barely miss the quokka. Your punch misses the quokka. The quokka bites you.
You hit the quokka.
The quokka is heavily wounded.
The quokka barely misses you.
You miss the quokka.
The quokka is heavily wounded.
The hobgoblin hits you. The quokka closely misses you.
You closely miss the quokka.
The quokka is heavily wounded.
The hobgoblin hits you. The quokka barely misses you.
You are too injured to fight recklessly!
Unknown command.
You are too injured to fight recklessly!
You are too injured to fight recklessly!
You closely miss the hobgoblin.
The quokka bites you but does no damage.
The hobgoblin hits you.
* * * LOW HITPOINT WARNING * * *
The quokka bites you but does no damage.
Unknown command.
You hit the quokka.
You kill the quokka!
The hobgoblin closely misses you.
You hit the hobgoblin.
The hobgoblin is severely wounded.
The hobgoblin misses you.
You hit the hobgoblin but do no damage.
The hobgoblin is severely wounded.
The hobgoblin misses you.
You hit the hobgoblin.
The hobgoblin is almost dead.
The hobgoblin hits you.
You die...

#.# #### #### #.#### ##
#.. .....# .##. #.. ..
. .....# # ... ..##.##
.. .....#
#.##.##.#...#.# .....#
##.#...#....... ..####
#............# ..#
##..#..)#..#.##..# ..#
#...##....@g.....#
..###
#..........†..##.#
....# #....##.#..#...#
..#.#
#....#...........#
....#
#..........#...#..
....###....#...#.##.##
.
...........##.##......
....###..........#.....
....# #..........##...$


You could see a hobgoblin.

Vanquished Creatures
  An endoplasm (D:1)
  A quokka (D:1)
  A kobold (D:1)
  A rat (D:1)
4 creatures vanquished.

Notes
Turn   | Place    | Note
-------+----------+-------------------------------------------
     0 | D:1      | Sin92 the Demonspawn Hedge Wizard began the quest for the
                  | Orb.
     0 | D:1      | Reached XP level 1. HP: 13/13 MP: 4/4
   158 | D:1      | Reached skill level 1 in Translocations
   184 | D:1      | Slain by a hobgoblin

Illustrated notes

Levels and vault maps discovered:
D:1:      saegor_arrival_miasma, layout_basic,
          hellmonk_ecumenical_altar_dog_temple, hangedman_decor_clover_reticule

Skill      XL: |  1 |
---------------+----+-----
Translocations | 1 |  1.0
Fighting       | |  0.2
Armour         | |  0.2
Dodging        | |  1.7
Stealth        | |  1.7
Spellcasting   | |  3.0
Conjurations   | |  1.1
Summonings     | |  1.0

Action                   || total
-------------------------++-------
Melee: Dagger            ||    16
Armor: Robe              ||     2
Dodge: Dodged            ||     7
